 Dungeon Crawl Stone Soup version 0.17-a0-802-g1f09329 (console) character file.

71 dunyain the Chopper (level 4, 0/33 HPs)
             Began as a Demonspawn Gladiator on Apr 26, 2015.
             Was an Initiate of Okawaru.
             Slain by Natasha (8 damage)
             ... on level 2 of the Dungeon.
             The game lasted 00:02:29 (2430 turns).

dunyain the Chopper (Demonspawn Gladiator)          Turns: 2430, Time: 00:02:29

Health: 0/33       AC:  8    Str: 15    XL:     4   Next: 5%
Magic:  4/4        EV: 12    Int:  9    God:    Okawaru [......]
Gold:   102        SH:  0    Dex: 14    Spells: 0 memorised, 3 levels left

rFire  + . .     SeeInvis .     a - +0 war axe
rCold  . . .     Clarity  .     b - +0 leather armour
rNeg   . . .     SustAb   .     (no shield)
rPois  .         Gourm    .     c - +0 helmet
rElec  .         Spirit   .     (no cloak)
rCorr  .         Warding  .     (no gloves)
rMut   .         Stasis   .     (no boots)
MR     .....                    (no amulet)
Stlth  +.........               (no ring)
                                v - ring of protection from fire

@: not resistant to hostile enchantments, very unstealthy
A: rough black scales 1
a: Renounce Religion


You were on level 2 of the Dungeon.
You worshipped Okawaru.
Okawaru was noncommittal.
You were not hungry.

You visited 1 branch of the dungeon, and saw 2 of its levels.

You collected 102 gold pieces.

Inventory:

Hand weapons
 a - a +0 war axe (weapon)
Missiles
 d - 3 throwing nets (quivered)
Armour
 b - a +0 leather armour (worn)
 c - a +0 helmet (worn)
Jewellery
 v - a ring of protection from fire (left hand)
Scrolls
 g - a scroll of fear {unknown}
 l - 5 scrolls of identify {unknown}
 o - 2 scrolls of teleportation {unknown}
 q - 2 scrolls of remove curse {unknown}
 u - a scroll of blinking {unknown}
 x - a scroll of magic mapping {unknown}
Potions
 f - a potion of magic {unknown}
 h - a potion of degeneration {unknown}
 m - a potion of haste {unknown}
 p - a potion of might {unknown}
 r - 3 potions of curing {unknown}
 s - a potion of cancellation {unknown}
Comestibles
 e - 3 bread rations
 i - a beef jerky
 k - a slice of pizza
 n - 6 fruits
 t - a meat ration
 w - 3 chunks of flesh


   Skills:
 - Level 2.0 Fighting
 + Level 4.4 Axes
 - Level 1.7 Throwing
 - Level 2.6 Dodging


You had 3 spell levels left.
You didn't know any spells.

Dungeon Overview and Level Annotations

Branches:
Dungeon (2/15)

Altars:
Okawaru
Trog

Annotations:
D:2 Natasha, Sigmund


Innate Abilities, Weirdness & Mutations

You are partially covered in rough black scales (AC +4, Dex -1).


Message History

You hear some strange, mumbled words.
Something tries to affect you, but you resist.
You feel less confused.
A magic dart appears from out of thin air!
The magic dart hits you!
There is an open door here.
A puff of flame appears from out of thin air!
The puff of flame hits you! You resist.
* * * LOW HITPOINT WARNING * * *
You see here 11 stones.
Natasha, Servant of Life and Death comes into view.
Natasha hisses angrily.
Natasha stares at you and mumbles some strange words.
The magic dart hits you! Natasha casts a spell next to you.
A cloud of flames roars to life!
You closely miss Natasha. Natasha barely misses you. Something hits you.
* * * LOW HITPOINT WARNING * * *
You hit Natasha but do no damage. Natasha claws you!
You die...

.##......###..# #......<#>..###
.#######.#....# #.##.##......##
.# #.#.##.# #.##.##........ '##
#.#.##.# #.##.##....#### ..##
#.#(##.# #.##......##... ...##
#......# #.#####.###.... ....##
###(#### #.####..##.....
.....####...#######.......##....#
.....'...(#...{§@h..b.....##...##
.....###.###.#####.####....+...#y
....## ##.#.## #<# #...##...##
...## ##.## #.####.#.##....# ..##
#.# #.##....#.#....÷ '#########.#
#.##.#.#.###.... ...........#
#......### ##... ..#######..#
####.### ####### .. #..# #.#
#......


You could see Natasha and a bat.

Vanquished Creatures
  Natasha (D:2)
  3 worms (D:2)
  A giant gecko (D:1)
  A giant cockroach (D:1)
  6 goblins
  4 hobgoblins
  2 ball pythons (D:2)
  4 bats
  A giant newt (D:1)
  3 jackals (D:2)
  6 kobolds
  5 rats
37 creatures vanquished.

Notes
Turn   | Place    | Note
--------------------------------------------------------------
     0 | D:1      | dunyain, the Demonspawn Gladiator, began the quest for the Orb.
     0 | D:1      | Reached XP level 1. HP: 16/16 MP: 1/1
   339 | D:1      | Reached skill level 3 in Axes
   601 | D:1      | Gained mutation: You are partially covered in rough black scales (AC +4, Dex -1). [demonic ancestry]
   601 | D:1      | Reached XP level 2. HP: 19/22 MP: 2/2
  1375 | D:2      | Noticed a moth of wrath
  1376 | D:2      | Found a bloodstained altar of Trog.
  1484 | D:2      | Reached XP level 3. HP: 27/27 MP: 3/3
  1648 | D:2      | Noticed Natasha
  1654 | D:2      | Killed Natasha
  1654 | D:2      | Reached skill level 4 in Axes
  1929 | D:2      | Noticed Sigmund
  2217 | D:2      | Found an iron altar of Okawaru.
  2226 | D:2      | Became a worshipper of Warmaster Okawaru
  2326 | D:2      | Reached XP level 4. HP: 33/33 MP: 4/4
  2425 | D:2      | Noticed Natasha
  2430 | D:2      | Slain by Natasha

Action                   |  1- 3 |  4- 6 || total
-------------------------+-------+-------++-------
Melee: War axe           |    99 |    11 ||   110
  Eat: Chunk             |     4 |     1 ||     5
